 Dungeon Crawl Stone Soup version 0.29-a0-582-ge82337ba6a (webtiles) character file.

Game seed: 18316845640933332516

45 MilanorTSW the Covered (level 3, -4/33 HPs)
             Began as a Minotaur Fighter on June 14, 2022.
             Killed by nerve-wracking pain
             ... invoked by Jessica
              (14 damage)
             ... on level 2 of the Dungeon.
             The game lasted 00:03:23 (1371 turns).

MilanorTSW the Covered (Minotaur Fighter)           Turns: 1371, Time: 00:03:24

Health: -4/33      AC:  7    Str: 22    XL:     3   Next: 42%
Magic:  2/2        EV:  9    Int:  5    God:
Gold:   80         SH:  4    Dex:  9    Spells: 2/2 levels left

rFire   . . .      SeeInvis .   s - +8 long sword of Disharmony {flame, rPois rC++ Will- Stlth+}
rCold   + + .      Faith    .   c - +0 buckler
rNeg    . . .      Spirit   .   b - +0 scale mail
rPois   +          Reflect  .   (helmet restricted)
rElec   .          Harm     .   (no cloak)
rCorr   .          Rampage  .   (no gloves)
Will    .....                   (no boots)
Stlth   +.........              (no amulet)
HPRegen 0.11/turn               (no ring)
MPRegen 0.08/turn               (no ring)

@: no status effects
A: horns 2, retaliatory headbutt
a: no special abilities


You were on level 2 of the Dungeon.
You visited 1 branch of the dungeon, and saw 2 of its levels.

You collected 80 gold pieces.

Inventory:

Hand Weapons
 a - a +0 war axe
 s - the +8 long sword of Disharmony (weapon) {flame, rPois rC++ Will- Stlth+}
   (You found it on level 2 of the Dungeon)

   It burns those it strikes, dealing additional fire damage.
   Big, fiery blades are also staple armaments of hydra-hunters.
   rC:        It greatly protects you from cold.
   rPois:     It protects you from poison.
   Will:      It decreases your willpower.
   Stlth:     It makes you more stealthy.
Missiles
 g - 37 stones (quivered)
 m - 5 curare-tipped darts
 q - 2 poisoned darts
Armour
 b - a +0 scale mail (worn)
 c - a +0 buckler (worn)
Scrolls
 e - 2 scrolls of fear {unknown}
 h - 2 scrolls of noise {unknown}
 i - a scroll of acquirement {unknown}
 j - a scroll of blinking {unknown}
 k - a scroll of enchant armour {unknown}
 l - 2 scrolls of poison {unknown}
 n - a scroll of identify {unknown}
 p - a scroll of magic mapping {unknown}
 r - a scroll of teleportation {unknown}
Potions
 d - a potion of might
 f - 2 potions of heal wounds {unknown}
 o - a potion of mutation {unknown}


   Skills:
 + Level 4.0 Fighting
 * Level 3.5 Axes
 + Level 4.1 Armour
 + Level 4.0 Shields


You had 2 spell levels left.
You didn't know any spells.
Your spell library was empty.

Dungeon Overview and Level Annotations

Branches:
Dungeon (2/15)

Altars:

Annotations:
D:2 Jessica


Innate Abilities, Weirdness & Mutations

You have a pair of horns on your head.
You reflexively headbutt those who attack you in melee.


Message History

The giant cockroach bites you.
You slash the giant cockroach!
You kill the giant cockroach!
Found 8 gold pieces.
You see here a giant cockroach corpse.
You see here 2 poisoned darts.
q - 2 poisoned darts You now have 80 gold pieces (gained 8).
You see here a giant cockroach corpse.
Found a mace.
r - a scroll labelled LELOCO SANKAY Jessica the Apprentice Sorceress comes into view.
She is wielding a +0 club.
Jessica shouts!
A frilled lizard comes into view.
The frilled lizard hisses angrily.
You see here the +8 long sword of Disharmony {flame, rPois rC++ Will- Stlth+}.
s - the +8 long sword of Disharmony {flame, rPois rC++ Will- Stlth+} The +8 long sword of Disharmony {flame, rPois rC++ Will- Stlth+} bursts into flame!
s - the +8 long sword of Disharmony (weapon)
{flame, rPois rC++ Will- Stlth+} You slash the frilled lizard!
You burn the frilled lizard.
You kill the frilled lizard!
Jessica gestures wildly.
Jessica gestures wildly while chanting.
Jessica blinks!
Jessica casts a spell at you. Pain shoots through your body!
You closely miss Jessica. Jessica hits you with a +0 club. x2
You are too injured to fight recklessly!
You hit Jessica. You burn Jessica. Your headbutt misses Jessica.
Jessica is heavily wounded.
You block Jessica's attack.
You hit Jessica. You burn Jessica.
Jessica is almost dead.
Jessica casts a spell.
Jessica blinks!
Jessica points at you and mumbles some strange words.
Pain shoots through your body! Jessica casts a spell at you.
Pain shoots through your body!
You die...

#.##..... .........
.....##.. #.#####.#
.....#.#############
#####.#.#...........#
......#.#...........#
#...................#
#...............@..@#
#########...........#
#...........#
#.............#
#.......).......
#..(..........###
###...........#
..........##.#
..........# .#


You could see Jessica.

Vanquished Creatures
  A worm (D:2)
  A dart slug (D:2)
  4 endoplasms (D:1)
  3 giant cockroaches
  3 goblins
  4 hobgoblins (D:1)
  3 jackals (D:1)
  A quokka (D:2)
  4 ball pythons
  5 bats
  3 frilled lizards
  3 kobolds (D:1)
  A rat (D:1)
36 creatures vanquished.

Notes
Turn   | Place    | Note
-------+----------+-------------------------------------------
     0 | D:1      | MilanorTSW the Minotaur Fighter began the quest for the
                  | Orb.
     0 | D:1      | Reached XP level 1. HP: 19/19 MP: 0/0
   268 | D:1      | Reached XP level 2. HP: 26/27 MP: 1/1
   941 | D:1      | Found a faded altar of an unknown god.
   946 | D:1      | Reached XP level 3. HP: 33/33 MP: 2/2
  1357 | D:2      | Noticed Jessica
  1360 | D:2      | Identified the +8 long sword of Disharmony {flame, rPois
                  | rC++ Will- Stlth+}
  1371 | D:2      | Killed from afar by Jessica

Illustrated notes

Levels and vault maps discovered:
D:1:      nicolae_arrival_washed_ashore, layout_basic,
          hellmonk_ecumenical_altar_inner_sanctum, minmay_tripent
D:2:      layout_basic, serial_shops, shop, uniq_crazy_yiuf_cottage,
          uniq_jessica

Skill      XL: |  1  2  3 |
---------------+----------+-----
Axes           | 3 |  3.5
Fighting       | 4 |  4.0
Armour         | 4 |  4.1
Shields        | 4 |  4.0

Action                   || total
-------------------------++-------
Melee: War axe           ||    73
       Headbutt          ||     7
       Long sword        ||     4
Armor: Scale mail        ||    29
Dodge: Dodged            ||    30
Block: Buckler           ||    19

Table legend: (Time is in decaauts)
 A = Elapsed time spent in this place.
 B = Non-inter-level travel time spent in this place.
 C = Inter-level travel time spent in this place.
 D = Time resting spent in this place.
 E = Time spent auto-exploring this place.
 F = Levels seen in this place.
 G = Mean time per level.
                   A        B        C        D        E       F      G
               +--------+--------+--------+--------+--------+-----+--------+
         Total |   1400 |   1363 |     37 |      0 |   1084 |   2 |  700.0 |
       Dungeon |   1400 |   1363 |     37 |      0 |   1084 |   2 |  700.0 |
               +--------+--------+--------+--------+--------+-----+--------+

Top non-repeatable levels by time:
     D:1: 1123 daAuts
     D:2: 277 daAuts
